 Dungeon Crawl Stone Soup version 0.28.0-53-g5a82cb258f (webtiles) character file.

Game seed: 36263863394308742

74 Sin92 the Skirmisher (level 4, -2/35 HPs)
             Began as a Demonspawn Fighter on June 5, 2022.
             Slain by Robin
             ... wielding a +0 trident
              (8 damage)
             ... on level 2 of the Dungeon.
             The game lasted 00:01:02 (1210 turns).

Sin92 the Skirmisher (Demonspawn Fighter)           Turns: 1210, Time: 00:01:02

Health: -2/35      AC:  8    Str: 18    XL:     4   Next: 9%
Magic:  4/4        EV: 13    Int:  9    God:
Gold:   84         SH:  4    Dex: 13    Spells: 3/3 levels left

rFire   . . .      SeeInvis .   a - +0 war axe
rCold   . . .      Faith    .   c - +0 buckler
rNeg    . . .      Spirit   .   b - +0 scale mail
rPois   .          Reflect  .   (no helmet)
rElec   .          Harm     .   (no cloak)
rCorr   .          Rampage  .   k - +1 pair of gloves
Will    .....                   (no boots)
Stlth   ..........              (no amulet)
HPRegen 0.11/turn               j - +4 ring of evasion
MPRegen 0.09/turn               (no ring)

@: no status effects
A: claws 1
a: no special abilities


You were on level 2 of the Dungeon.
You visited 1 branch of the dungeon, and saw 2 of its levels.

You collected 84 gold pieces.

Inventory:

Hand Weapons
 a - a +0 war axe (weapon)
Armour
 b - a +0 scale mail (worn)
 c - a +0 buckler (worn)
 k - a +1 pair of gloves (worn)
Jewellery
 j - a +4 ring of evasion (left hand)
Scrolls
 f - a scroll of identify {unknown}
Potions
 d - a potion of might
 e - a potion of magic {unknown}
 h - a potion of mutation {unknown}
 i - a potion of ambrosia {unknown}


   Skills:
 + Level 3.4 Fighting
 + Level 2.3 Axes
 + Level 3.1 Armour
 + Level 1.3 Dodging
 + Level 3.1 Shields


You had 3 spell levels left.
You didn't know any spells.
Your spell library was empty.

Dungeon Overview and Level Annotations

Branches:
Dungeon (2/15)

Altars:

Annotations:
D:2 Robin


Innate Abilities, Weirdness & Mutations

You have sharp fingernails.


Message History

You barely miss the worm.
The hobgoblin no longer looks unusually strong.
The worm bites you but does no damage.
You barely miss the worm. The worm bites you.
Unknown command.
You slash the worm!
The worm is heavily wounded.
The hobgoblin no longer looks unusually strong.
The worm misses you.
You slash the worm!
You kill the worm!
Robin roars a battlecry!
The hobgoblins go into a battle-frenzy!
You slash the hobgoblin!
You kill the hobgoblin!
Unknown command.
You hit the hobgoblin.
The hobgoblin is heavily wounded.
The hobgoblin closely misses you.
Robin hits you from afar with a +0 trident.
Unknown command.
You closely miss the hobgoblin.
The hobgoblin is heavily wounded.
The hobgoblin misses you. Robin hits you but does no damage.
The hobgoblin closely misses you. Robin misses you.
Unknown command.
You closely miss the hobgoblin.
The hobgoblin is heavily wounded.
The hobgoblin misses you. Robin hits you but does no damage.
You hit the hobgoblin.
The hobgoblin is almost dead.
The hobgoblin hits you.
* * * LOW HITPOINT WARNING * * *
Robin barely misses you. The hobgoblin hits you.
* * * LOW HITPOINT WARNING * * *
Unknown command.
You barely miss the hobgoblin.
The hobgoblin is almost dead.
Robin hits you from afar with a +0 trident!
You die...

###..#####....##.# ##
##..........†!..... ..
#.....##.#.....#. #.
##.##†##.#†.#.## #.
#.##.##.#..#g##.# #.
#.......#g....... #.
#....####g##..... #.
#..### #g# ##### ###. #..#
###@#.. .# #... #..#
#.))).# #.# #.##
#..####.#.#.# #.# #.#
#............. ..# #.#
#..####.#[#.### #.###.##
#..####.....#######.......
#....>#...........#.###.##
##.##...............###.#
#.####.....#####...†...#


You could see Robin and 2 hobgoblins.

Vanquished Creatures
  A gnoll (D:1)
  An adder (D:2)
  A worm (D:2)
  4 ball pythons
  5 endoplasms
  4 giant cockroaches (D:1)
  13 goblins
  7 hobgoblins
  2 bats (D:1)
  2 frilled lizards
  2 kobolds
  6 rats
48 creatures vanquished.

Notes
Turn   | Place    | Note
-------+----------+-------------------------------------------
     0 | D:1      | Sin92 the Demonspawn Fighter began the quest for the Orb.
     0 | D:1      | Reached XP level 1. HP: 18/18 MP: 1/1
   123 | D:1      | Gained mutation: You have sharp fingernails. [demonic
                  | ancestry]
   123 | D:1      | Reached XP level 2. HP: 14/24 MP: 2/2
   519 | D:1      | Reached XP level 3. HP: 27/29 MP: 3/3
   865 | D:2      | Reached skill level 1 in Dodging
  1179 | D:2      | Noticed Robin
  1201 | D:2      | Reached XP level 4. HP: 18/35 MP: 4/4
  1210 | D:2      | Slain by Robin

Illustrated notes

Levels and vault maps discovered:
D:1:      dpeg_arrival_tiny_f, layout_rooms
D:2:      layout_loops_ring, uniq_robin

Skill      XL: |  1  2  3 |
---------------+----------+-----
Axes           | 2 |  2.3
Armour         | 3 |  3.1
Shields        | 3 |  3.1
Dodging        | 1 |  1.3
Fighting       | |  3.4

Action                   |  1- 3 |  4- 6 || total
-------------------------+-------+-------++-------
Melee: War axe           |   107 |    10 ||   117
  Use: Scroll            |     2 |       ||     2
Armor: Scale mail        |    57 |     3 ||    60
Dodge: Dodged            |    51 |     7 ||    58
Block: Buckler           |    16 |       ||    16
